 Dungeon Crawl Stone Soup version 0.31.0-11-ge490571c62 (webtiles) character file.

Game seed: 18271971227088157443

39 qw the Shooter (level 3, -1/18 HPs)
             Began as a Spriggan Hunter on Feb 4, 2024.
             Slain by a gnoll
             ... wielding a +1 halberd of flaming
              (7 damage)
             ... on level 2 of the Dungeon.
             The game lasted 00:00:03 (921 turns).

qw the Shooter (Spriggan Hunter)                     Turns: 921, Time: 00:00:04

Health: -1/18      AC:  2    Str:  7    XL:     3   Next: 28%
Magic:  4/4        EV: 16    Int: 10    God:
Gold:   68         SH:  0    Dex: 20    Spells: 2/2 levels left

rFire   . . .        a - +0 shortbow
rCold   . . .        (shield currently unavailable)
rNeg    . . .        c - +0 robe
rPois   .            (helmet restricted)
rElec   .            (no cloak)
rCorr   .            (gloves unavailable)
SInv    +            (boots unavailable)
Will    .....        (no amulet)
Stlth   ++           (no ring)
HPRegen 0.23/turn    (no ring)
MPRegen 0.09/turn

%: no passive effects
@: constricted, very quick
A: very small, no large weapons, unfitting armour, see invisible, speed 3
a: no special abilities


You were on level 2 of the Dungeon.
You visited 1 branch of the dungeon, and saw 2 of its levels.

You collected 68 gold pieces.


Innate Abilities, Weirdness & Mutations

You are very small and have problems with some larger weapons.
You are too small for most types of armour.
You have supernaturally acute eyesight. (SInv)
You cover ground extremely quickly. (Speed+++)


   Skills:
 - Level 1.5 Fighting
 + Level 4.6 Ranged Weapons
 - Level 4.0 Dodging
 - Level 1.5 Stealth


You had 2 spell levels left.
You didn't know any spells.
Your spell library was empty.

Inventory:

Hand Weapons
 a - a +0 shortbow (weapon)
Armour
 c - a +0 robe (worn)
Jewellery
 b - an amulet of reflection
Potions
 h - a potion of curing
 i - a potion of might

Dungeon Overview and Level Annotations

Branches:
Dungeon (2/15)

Altars:


Message History

912 ||| RETREEEEATING.
The ball python closely misses you. The ball python grabs you.
The ball python constricts you.
You shoot an arrow.
The arrow closely misses the ball python.
The ball python closely misses you. The ball python constricts you.
The gnoll misses you. The ball python barely misses you.
The ball python constricts you.
You shoot an arrow.
The arrow barely misses the ball python.
The gnoll barely misses you. The ball python closely misses you.
The ball python constricts you.
Enter note:
915 ||| RETREEEEATING.
You escape the ball python's grasp.
Enter note:
Enter note:
916 ||| RETREEEEATING.
Enter note:
917 ||| RETREEEEATING.
The ball python attacks as it pursues you!
The ball python bites you. The ball python closely misses you.
Enter note:
918 ||| RETREEEEATING.
The ball python attacks as it pursues you!
The ball python misses you. The ball python closely misses you.
You shoot an arrow.
The arrow barely misses the ball python.
The ball python barely misses you. The ball python completely misses you.
You shoot an arrow.
The arrow closely misses the ball python.
The gnoll closely misses you. The gnoll completely misses you.
The ball python bites you. The ball python grabs you.
The ball python constricts you.
You shoot an arrow. The arrow hits the ball python.
The ball python is severely wounded.
The ball python completely misses you. The ball python constricts you.
The gnoll hits you from afar with a +0 halberd!
Ouch! That really hurt!
The gnoll hits you from afar with a +1 halberd of flaming!
You die...

#......#.........#
...#........#.....####
....##....##........#
#....#..#...........#
#.........#.........#
..........#####.#...#
##.......#####.#...#
###..)........##.#...#
#.....@....>...#.##.## .
#.#...S...####...##.#
..###.#.gg...>####.#.##.#
........................###
.....?#..###########.......
#........# #.#.....
#......!.# #.###...
#.#......# #.. ####
#......g.# ##.


You could see 2 gnolls and a ball python.

Vanquished Creatures
  2 dart slugs (D:1)
  5 endoplasms
  3 giant cockroaches
  4 goblins (D:1)
  2 hobgoblins (D:1)
  3 quokkas
  3 ball pythons
  4 bats (D:1)
  A frilled lizard (D:1)
  2 kobolds
  3 rats (D:1)
32 creatures vanquished.

Notes
Turn   | Place    | Note
-------+----------+-------------------------------------------
     0 | D:1      | qw the Spriggan Hunter began the quest for the Orb.
     0 | D:1      | Reached XP level 1. HP: 10/10 MP: 2/2
     0 | D:1      | 0 ||| qw: Version: 0.3-a-160-g6735b56
     0 | D:1      | 0 ||| qw: Game counter: 4610
     0 | D:1      | 0 ||| qw: Melee chars always use a shield: true
     0 | D:1      | 0 ||| qw: God list: Okawaru
     0 | D:1      | 0 ||| qw: Allow faded altars: false
     0 | D:1      | 0 ||| qw: Do Orc after clearing Dungeon:15 true
     0 | D:1      | 0 ||| qw: Do second Lair branch before Depths: true
     0 | D:1      | 0 ||| qw: Lair rune preference: random
     0 | D:1      | 0 ||| qw: Goals: Normal
     0 | D:1      | 0 ||| PLANNING D:1-11
    89 | D:1      | Reached skill level 3 in Dodging
   133 | D:1      | Reached XP level 2. HP: 14/14 MP: 3/3
   611 | D:1      | Reached XP level 3. HP: 18/18 MP: 4/4
   782 | D:1      | 782 ||| READING 2 scrolls labelled XARATU PIFRULU.
   782 | D:1      | 782 ||| IDENTIFYING clear potion
   783 | D:1      | 783 ||| READING scroll of identify.
   783 | D:1      | 783 ||| IDENTIFYING emerald potion
   784 | D:1      | 784 ||| READING scroll labelled VOSKOE GIESIURCHI.
   785 | D:1      | 785 ||| READING scroll labelled CEBBEDW ZUJID.
   786 | D:1      | 786 ||| DRINKING 2 puce potions.
   787 | D:1      | 787 ||| DROPPING scroll of butterflies.
   788 | D:1      | 788 ||| DROPPING potion of invisibility.
   910 | D:2      | 910 ||| RETREEEEATING.
   912 | D:2      | 912 ||| RETREEEEATING.
   915 | D:2      | 915 ||| RETREEEEATING.
   916 | D:2      | 916 ||| RETREEEEATING.
   917 | D:2      | 917 ||| RETREEEEATING.
   918 | D:2      | 918 ||| RETREEEEATING.
   921 | D:2      | Slain by a gnoll

Levels and vault maps discovered:
D:1:      roadster_arrival_rocket_large, layout_loops_corners
D:2:      layout_rooms

Skill      XL: |  1  2 |
---------------+-------+-----
Dodging        | 3 4 |  4.0
Fighting       | |  1.5
Ranged Weapons | |  4.6
Stealth        | |  1.5

Action                     || total
---------------------------++-------
   Fire: Shortbow          ||    93
    Use: Scroll            ||     4
         Potion            ||     1
 Armour: Robe              ||     6
  Dodge: Dodged            ||    39

Table legend:
 A = Non-vault XP
 B = Vault XP
 C = Vault XP percentage of total XP
 D = Non-vault monster count
 E = Vault monster count
 F = Vault count percentage of total count
                 A         B        C        D         E       F
            +---------+---------+-------+---------+---------+-------
      Total |      57 |       0 |   0.0 |      32 |       0 |   0.0
            +---------+---------+-------+---------+---------+-------
        D:1 |      46 |       0 |   0.0 |      25 |       0 |   0.0
        D:2 |      11 |       0 |   0.0 |       7 |       0 |   0.0
            +---------+---------+-------+---------+---------+-------
